 Dungeon Crawl Stone Soup version 0.31-a0-261-g072fdb8a1f (webtiles) character file.

Game seed: 16737585837709784268

163 qw the Shooter (level 5, 44/44 HPs)
             Began as a Minotaur Hexslinger on July 13, 2023.
             Quit the game on level 5 of the Dungeon.
             The game lasted 00:13:51 (3588 turns).

qw the Shooter (Minotaur Hexslinger)                Turns: 3588, Time: 00:13:51

Health: 44/44      AC:  7    Str: 12    XL:     5   Next: 20%
Magic:  5/5        EV: 12    Int: 10    God:
Gold:   173        SH:  0    Dex: 15    Spells: 5/6 levels left

rFire   . . .        Y - +1 sling
rCold   . . .        (no shield)
rNeg    . . .        f - +2 leather armour {rPois}
rPois   +            (helmet restricted)
rElec   .            (no cloak)
rCorr   .            (no gloves)
SInv    .            a - +1 pair of boots
Will    .....        (no amulet)
Stlth   +            (no ring)
HPRegen 0.27/turn    (no ring)
MPRegen 0.09/turn

%: no passive effects
@: no status effects
A: horns 2, retaliatory headbutt
a: no special abilities


You were on level 5 of the Dungeon.
You visited 1 branch of the dungeon, and saw 6 of its levels.

You collected 173 gold pieces.


Innate Abilities, Weirdness & Mutations

You have a pair of horns on your head.
You reflexively headbutt those who attack you in melee.


   Skills:
 + Level 2.9 Fighting
 - Level 5.2 Ranged Weapons
 - Level 1.1 Armour
 - Level 2.1 Dodging
 - Level 1.0 Spellcasting
 - Level 2.0 Hexes


You had 5 spell levels left.
You knew the following spells:

 Your Spells              Type           Power      Damage    Failure   Level
a - Slow                  Hex            16%        N/A       19%         1

Your spell library contained the following spells:

 Spells                   Type           Power      Damage    Failure   Level
 Inner Flame              Hex/Fire       2%         N/A       65%         3
 Portal Projectile        Hex/Tloc       4%         N/A       65%         3
 Cause Fear               Hex            2%         N/A       88%         4

Inventory:

Hand Weapons
 Y - a +1 sling (weapon)
Armour
 a - a +1 pair of boots (worn)
 c - the +0 leather armour of Loph {rElec Will+ Int+4}
   (You found it on level 2 of the Dungeon)

   Int:       It affects your intelligence (+4).
   rElec:     It insulates you from electricity.
   Will:      It increases your willpower.
 f - a +2 leather armour of poison resistance (worn)
Scrolls
 b - a scroll of identify
Potions
 d - a potion of lignification {unknown}
 e - a potion of might {unknown}

Dungeon Overview and Level Annotations

Branches:
Dungeon (6/15)
 Temple: D:4-7

Altars:
Gozag
Trog

Shops:
D:5 =?


Message History

Enter note:
Enter note:
Enter note:
Enter note:
Enter note:
Enter note:
Enter note:
Enter note:
Enter note:
Enter note:
Enter note:
Enter note:
Enter note:
Enter note:
Enter note:
Enter note:
Enter note:
Enter note:
Enter note:
Enter note:
Enter note:
Enter note:
Enter note:
Enter note:
Enter note:
Enter note:
Enter note:
Enter note:
Enter note:
Enter note:
Enter note:
Enter note:
Enter note:
Enter note:
Enter note:
Enter note:
Enter note:
Enter note:
3587 ||| Stepping randomly (stuck).
Are you sure you want to abandon this character and quit the game? (Confirm with "yes".)

# . #...#####
#.#. #...#..}#
#.#.###...#.<.#
#......8..#\..#
#...#.....#####
.......\.....
#####.....#
#..@#..8.#
#.>.#....##
#}..#......
#####..#### #.#
.# #


There were no monsters in sight!

Vanquished Creatures
  An orc priest (D:3)
  Terence (D:3)
  2 adders
  2 gnolls (D:1)
  An ufetubus (D:4)
  2 dart slugs
  4 orcs (D:3)
  4 endoplasms
  2 giant cockroaches (D:1)
  4 hobgoblins
  3 jackals (D:2)
  3 quokkas
  6 ball pythons
  4 bats
  4 frilled lizards
  9 goblins
  4 kobolds
  3 rats (D:2)
59 creatures vanquished.

Notes
Turn   | Place    | Note
-------+----------+-------------------------------------------
     0 | D:1      | qw the Minotaur Hexslinger began the quest for the Orb.
     0 | D:1      | Reached XP level 1. HP: 16/16 MP: 1/1
     0 | D:1      | 0 ||| qw: Version: 0.3-a-52-g30416fa
     0 | D:1      | 0 ||| qw: Game counter: 6993
     0 | D:1      | 0 ||| qw: Melee chars always use a shield: true
     0 | D:1      | 0 ||| qw: God list: Okawaru
     0 | D:1      | 0 ||| qw: Allow faded altars: false
     0 | D:1      | 0 ||| qw: Do Orc after clearing Dungeon:15 true
     0 | D:1      | 0 ||| qw: Do second Lair branch before Depths: true
     0 | D:1      | 0 ||| qw: Lair rune preference: random
     0 | D:1      | 0 ||| qw: Goals: Normal
     0 | D:1      | 0 ||| PLANNING D:1-11
    13 | D:1      | Noticed a salamander
    13 | D:1      | Noticed a rime drake
    14 | D:1      | Noticed a snapping turtle
    14 | D:1      | Noticed a redback
   119 | D:1      | Reached skill level 3 in Ranged Weapons
   119 | D:1      | Reached XP level 2. HP: 23/23 MP: 2/2
   344 | D:1      | Reached XP level 3. HP: 21/30 MP: 3/3
   654 | D:1      | Found a faded altar of an unknown god.
   882 | D:1      | 882 ||| UPGRADING to +0 ring mail.
   892 | D:1      | 892 ||| DROPPING +0 robe.
   893 | D:1      | 893 ||| READING scroll labelled OQETRASACE.
   894 | D:1      | 894 ||| READING scroll labelled NURREJ ALEOFY.
   895 | D:1      | 895 ||| DROPPING scroll of poison.
  1247 | D:2      | Reached skill level 4 in Ranged Weapons
  1270 | D:2      | Reached skill level 1 in Armour
  1364 | D:2      | Identified the +0 leather armour of Loph {rElec Will+
                  | Int+4}
  1430 | D:2      | Reached XP level 4. HP: 37/37 MP: 4/4
  1544 | D:2      | Found an opulent altar of Gozag.
  1593 | D:2      | 1593 ||| UPGRADING to +0 pair of boots.
  1598 | D:2      | 1598 ||| UPGRADING to +0 leather armour of Loph {rElec
                  | Will+ Int+4}.
  1608 | D:2      | 1608 ||| READING scroll labelled NUDUNE ACEPPATULI.
  1613 | D:2      | 1613 ||| READING scroll labelled GEUWKURER NUUF.
  1614 | D:2      | 1614 ||| READING 2 scrolls labelled HIUM KYPOGUNG.
  1615 | D:2      | 1615 ||| READING scroll of enchant armour.
  1615 | D:2      | 1615 ||| ENCHANTING +0 pair of boots.
  1645 | D:3      | Found a bloodstained altar of Trog.
  2156 | D:3      | Noticed Terence
  2166 | D:3      | Killed Terence
  2365 | D:4      | 2365 ||| STAIRDANCE
  2422 | D:3      | 2422 ||| UPGRADING to +2 leather armour of poison
                  | resistance.
  2432 | D:3      | 2432 ||| DROPPING +0 ring mail.
  2439 | D:4      | 2439 ||| STAIRDANCE
  2445 | D:3      | Reached skill level 5 in Ranged Weapons
  2445 | D:3      | Reached XP level 5. HP: 25/42 MP: 5/5
  2511 | D:4      | 2511 ||| STAIRDANCE
  2578 | D:4      | You fall into a shaft and drop 2 floors!
  2585 | D:5      | Entered Level 5 of the Dungeon
  2585 | D:5      | Found Ralaol's Jewellery Emporium.
  2585 | D:5      | Found Qeutol's Magic Scroll Emporium.
  2586 | D:5      | 2586 ||| Stepping randomly (stuck).
  2587 | D:5      | 2587 ||| Stepping randomly (stuck).
  2588 | D:5      | 2588 ||| Stepping randomly (stuck).
  2589 | D:5      | 2589 ||| Stepping randomly (stuck).
  2590 | D:5      | 2590 ||| Stepping randomly (stuck).
  2591 | D:5      | 2591 ||| Stepping randomly (stuck).
  2592 | D:5      | 2592 ||| Stepping randomly (stuck).
  2593 | D:5      | 2593 ||| Stepping randomly (stuck).
  2594 | D:5      | 2594 ||| Stepping randomly (stuck).
  2595 | D:5      | 2595 ||| Stepping randomly (stuck).
  2596 | D:5      | 2596 ||| Stepping randomly (stuck).
  2597 | D:5      | 2597 ||| Stepping randomly (stuck).
  2598 | D:5      | 2598 ||| Stepping randomly (stuck).
  2599 | D:5      | 2599 ||| Stepping randomly (stuck).
  2600 | D:5      | 2600 ||| Stepping randomly (stuck).
  2601 | D:5      | 2601 ||| Stepping randomly (stuck).
  2602 | D:5      | 2602 ||| Stepping randomly (stuck).
  2603 | D:5      | 2603 ||| Stepping randomly (stuck).
  2604 | D:5      | 2604 ||| Stepping randomly (stuck).
  2605 | D:5      | 2605 ||| Stepping randomly (stuck).
  2606 | D:5      | 2606 ||| Stepping randomly (stuck).
  2607 | D:5      | 2607 ||| Stepping randomly (stuck).
  2608 | D:5      | 2608 ||| Stepping randomly (stuck).
  2609 | D:5      | 2609 ||| Stepping randomly (stuck).
  2610 | D:5      | 2610 ||| Stepping randomly (stuck).
  2611 | D:5      | 2611 ||| Stepping randomly (stuck).
  2612 | D:5      | 2612 ||| Stepping randomly (stuck).
  2613 | D:5      | 2613 ||| Stepping randomly (stuck).
  2614 | D:5      | 2614 ||| Stepping randomly (stuck).
  2615 | D:5      | 2615 ||| Stepping randomly (stuck).
  2616 | D:5      | 2616 ||| Stepping randomly (stuck).
  2617 | D:5      | 2617 ||| Stepping randomly (stuck).
  2618 | D:5      | 2618 ||| Stepping randomly (stuck).
  2619 | D:5      | 2619 ||| Stepping randomly (stuck).
  2620 | D:5      | 2620 ||| Stepping randomly (stuck).
  2621 | D:5      | 2621 ||| Stepping randomly (stuck).
  2622 | D:5      | 2622 ||| Stepping randomly (stuck).
  2623 | D:5      | 2623 ||| Stepping randomly (stuck).
  2624 | D:5      | 2624 ||| Stepping randomly (stuck).
  2625 | D:5      | 2625 ||| Stepping randomly (stuck).
  2626 | D:5      | 2626 ||| Stepping randomly (stuck).
  2627 | D:5      | 2627 ||| Stepping randomly (stuck).
  2628 | D:5      | 2628 ||| Stepping randomly (stuck).
  2629 | D:5      | 2629 ||| Stepping randomly (stuck).
  2630 | D:5      | 2630 ||| Stepping randomly (stuck).
  2631 | D:5      | 2631 ||| Stepping randomly (stuck).
  2632 | D:5      | 2632 ||| Stepping randomly (stuck).
  2633 | D:5      | 2633 ||| Stepping randomly (stuck).
  2634 | D:5      | 2634 ||| Stepping randomly (stuck).
  2635 | D:5      | 2635 ||| Stepping randomly (stuck).
  2636 | D:5      | 2636 ||| Stepping randomly (stuck).
  2637 | D:5      | 2637 ||| Stepping randomly (stuck).
  2638 | D:5      | 2638 ||| Stepping randomly (stuck).
  2639 | D:5      | 2639 ||| Stepping randomly (stuck).
  2640 | D:5      | 2640 ||| Stepping randomly (stuck).
  2641 | D:5      | 2641 ||| Stepping randomly (stuck).
  2642 | D:5      | 2642 ||| Stepping randomly (stuck).
  2643 | D:5      | 2643 ||| Stepping randomly (stuck).
  2644 | D:5      | 2644 ||| Stepping randomly (stuck).
  2645 | D:5      | 2645 ||| Stepping randomly (stuck).
  2646 | D:5      | 2646 ||| Stepping randomly (stuck).
  2647 | D:5      | 2647 ||| Stepping randomly (stuck).
  2648 | D:5      | 2648 ||| Stepping randomly (stuck).
  2649 | D:5      | 2649 ||| Stepping randomly (stuck).
  2650 | D:5      | 2650 ||| Stepping randomly (stuck).
  2651 | D:5      | 2651 ||| Stepping randomly (stuck).
  2652 | D:5      | 2652 ||| Stepping randomly (stuck).
  2653 | D:5      | 2653 ||| Stepping randomly (stuck).
  2654 | D:5      | 2654 ||| Stepping randomly (stuck).
  2655 | D:5      | 2655 ||| Stepping randomly (stuck).
  2656 | D:5      | 2656 ||| Stepping randomly (stuck).
  2657 | D:5      | 2657 ||| Stepping randomly (stuck).
  2658 | D:5      | 2658 ||| Stepping randomly (stuck).
  2659 | D:5      | 2659 ||| Stepping randomly (stuck).
  2660 | D:5      | 2660 ||| Stepping randomly (stuck).
  2661 | D:5      | 2661 ||| Stepping randomly (stuck).
  2662 | D:5      | 2662 ||| Stepping randomly (stuck).
  2663 | D:5      | 2663 ||| Stepping randomly (stuck).
  2664 | D:5      | 2664 ||| Stepping randomly (stuck).
  2665 | D:5      | 2665 ||| Stepping randomly (stuck).
  2666 | D:5      | 2666 ||| Stepping randomly (stuck).
  2667 | D:5      | 2667 ||| Stepping randomly (stuck).
  2668 | D:5      | 2668 ||| Stepping randomly (stuck).
  2669 | D:5      | 2669 ||| Stepping randomly (stuck).
  2670 | D:5      | 2670 ||| Stepping randomly (stuck).
  2671 | D:5      | 2671 ||| Stepping randomly (stuck).
  2672 | D:5      | 2672 ||| Stepping randomly (stuck).
  2673 | D:5      | 2673 ||| Stepping randomly (stuck).
  2674 | D:5      | 2674 ||| Stepping randomly (stuck).
  2675 | D:5      | 2675 ||| Stepping randomly (stuck).
  2676 | D:5      | 2676 ||| Stepping randomly (stuck).
  2677 | D:5      | 2677 ||| Stepping randomly (stuck).
  2678 | D:5      | 2678 ||| Stepping randomly (stuck).
  2679 | D:5      | 2679 ||| Stepping randomly (stuck).
  2680 | D:5      | 2680 ||| Stepping randomly (stuck).
  2681 | D:5      | 2681 ||| Stepping randomly (stuck).
  2682 | D:5      | 2682 ||| Stepping randomly (stuck).
  2683 | D:5      | 2683 ||| Stepping randomly (stuck).
  2684 | D:5      | 2684 ||| Stepping randomly (stuck).
  2685 | D:5      | 2685 ||| Stepping randomly (stuck).
  2686 | D:5      | 2686 ||| Stepping randomly (stuck).
  2687 | D:5      | 2687 ||| Stepping randomly (stuck).
  2688 | D:5      | 2688 ||| Stepping randomly (stuck).
  2689 | D:5      | 2689 ||| Stepping randomly (stuck).
  2690 | D:5      | 2690 ||| Stepping randomly (stuck).
  2691 | D:5      | 2691 ||| Stepping randomly (stuck).
  2692 | D:5      | 2692 ||| Stepping randomly (stuck).
  2693 | D:5      | 2693 ||| Stepping randomly (stuck).
  2694 | D:5      | 2694 ||| Stepping randomly (stuck).
  2695 | D:5      | 2695 ||| Stepping randomly (stuck).
  2696 | D:5      | 2696 ||| Stepping randomly (stuck).
  2697 | D:5      | 2697 ||| Stepping randomly (stuck).
  2698 | D:5      | 2698 ||| Stepping randomly (stuck).
  2699 | D:5      | 2699 ||| Stepping randomly (stuck).
  2700 | D:5      | 2700 ||| Stepping randomly (stuck).
  2701 | D:5      | 2701 ||| Stepping randomly (stuck).
  2702 | D:5      | 2702 ||| Stepping randomly (stuck).
  2703 | D:5      | 2703 ||| Stepping randomly (stuck).
  2704 | D:5      | 2704 ||| Stepping randomly (stuck).
  2705 | D:5      | 2705 ||| Stepping randomly (stuck).
  2706 | D:5      | 2706 ||| Stepping randomly (stuck).
  2707 | D:5      | 2707 ||| Stepping randomly (stuck).
  2708 | D:5      | 2708 ||| Stepping randomly (stuck).
  2709 | D:5      | 2709 ||| Stepping randomly (stuck).
  2710 | D:5      | 2710 ||| Stepping randomly (stuck).
  2711 | D:5      | 2711 ||| Stepping randomly (stuck).
  2712 | D:5      | 2712 ||| Stepping randomly (stuck).
  2713 | D:5      | 2713 ||| Stepping randomly (stuck).
  2714 | D:5      | 2714 ||| Stepping randomly (stuck).
  2715 | D:5      | 2715 ||| Stepping randomly (stuck).
  2716 | D:5      | 2716 ||| Stepping randomly (stuck).
  2717 | D:5      | 2717 ||| Stepping randomly (stuck).
  2718 | D:5      | 2718 ||| Stepping randomly (stuck).
  2719 | D:5      | 2719 ||| Stepping randomly (stuck).
  2720 | D:5      | 2720 ||| Stepping randomly (stuck).
  2721 | D:5      | 2721 ||| Stepping randomly (stuck).
  2722 | D:5      | 2722 ||| Stepping randomly (stuck).
  2723 | D:5      | 2723 ||| Stepping randomly (stuck).
  2724 | D:5      | 2724 ||| Stepping randomly (stuck).
  2725 | D:5      | 2725 ||| Stepping randomly (stuck).
  2726 | D:5      | 2726 ||| Stepping randomly (stuck).
  2727 | D:5      | 2727 ||| Stepping randomly (stuck).
  2728 | D:5      | 2728 ||| Stepping randomly (stuck).
  2729 | D:5      | 2729 ||| Stepping randomly (stuck).
  2730 | D:5      | 2730 ||| Stepping randomly (stuck).
  2731 | D:5      | 2731 ||| Stepping randomly (stuck).
  2732 | D:5      | 2732 ||| Stepping randomly (stuck).
  2733 | D:5      | 2733 ||| Stepping randomly (stuck).
  2734 | D:5      | 2734 ||| Stepping randomly (stuck).
  2735 | D:5      | 2735 ||| Stepping randomly (stuck).
  2736 | D:5      | 2736 ||| Stepping randomly (stuck).
  2737 | D:5      | 2737 ||| Stepping randomly (stuck).
  2738 | D:5      | 2738 ||| Stepping randomly (stuck).
  2739 | D:5      | 2739 ||| Stepping randomly (stuck).
  2740 | D:5      | 2740 ||| Stepping randomly (stuck).
  2741 | D:5      | 2741 ||| Stepping randomly (stuck).
  2742 | D:5      | 2742 ||| Stepping randomly (stuck).
  2743 | D:5      | 2743 ||| Stepping randomly (stuck).
  2744 | D:5      | 2744 ||| Stepping randomly (stuck).
  2745 | D:5      | 2745 ||| Stepping randomly (stuck).
  2746 | D:5      | 2746 ||| Stepping randomly (stuck).
  2747 | D:5      | 2747 ||| Stepping randomly (stuck).
  2748 | D:5      | 2748 ||| Stepping randomly (stuck).
  2749 | D:5      | 2749 ||| Stepping randomly (stuck).
  2750 | D:5      | 2750 ||| Stepping randomly (stuck).
  2751 | D:5      | 2751 ||| Stepping randomly (stuck).
  2752 | D:5      | 2752 ||| Stepping randomly (stuck).
  2753 | D:5      | 2753 ||| Stepping randomly (stuck).
  2754 | D:5      | 2754 ||| Stepping randomly (stuck).
  2755 | D:5      | 2755 ||| Stepping randomly (stuck).
  2756 | D:5      | 2756 ||| Stepping randomly (stuck).
  2757 | D:5      | 2757 ||| Stepping randomly (stuck).
  2758 | D:5      | 2758 ||| Stepping randomly (stuck).
  2759 | D:5      | 2759 ||| Stepping randomly (stuck).
  2760 | D:5      | 2760 ||| Stepping randomly (stuck).
  2761 | D:5      | 2761 ||| Stepping randomly (stuck).
  2762 | D:5      | 2762 ||| Stepping randomly (stuck).
  2763 | D:5      | 2763 ||| Stepping randomly (stuck).
  2764 | D:5      | 2764 ||| Stepping randomly (stuck).
  2765 | D:5      | 2765 ||| Stepping randomly (stuck).
  2766 | D:5      | 2766 ||| Stepping randomly (stuck).
  2767 | D:5      | 2767 ||| Stepping randomly (stuck).
  2768 | D:5      | 2768 ||| Stepping randomly (stuck).
  2769 | D:5      | 2769 ||| Stepping randomly (stuck).
  2770 | D:5      | 2770 ||| Stepping randomly (stuck).
  2771 | D:5      | 2771 ||| Stepping randomly (stuck).
  2772 | D:5      | 2772 ||| Stepping randomly (stuck).
  2773 | D:5      | 2773 ||| Stepping randomly (stuck).
  2774 | D:5      | 2774 ||| Stepping randomly (stuck).
  2775 | D:5      | 2775 ||| Stepping randomly (stuck).
  2776 | D:5      | 2776 ||| Stepping randomly (stuck).
  2777 | D:5      | 2777 ||| Stepping randomly (stuck).
  2778 | D:5      | 2778 ||| Stepping randomly (stuck).
  2779 | D:5      | 2779 ||| Stepping randomly (stuck).
  2780 | D:5      | 2780 ||| Stepping randomly (stuck).
  2781 | D:5      | 2781 ||| Stepping randomly (stuck).
  2782 | D:5      | 2782 ||| Stepping randomly (stuck).
  2783 | D:5      | 2783 ||| Stepping randomly (stuck).
  2784 | D:5      | 2784 ||| Stepping randomly (stuck).
  2785 | D:5      | 2785 ||| Stepping randomly (stuck).
  2786 | D:5      | 2786 ||| Stepping randomly (stuck).
  2787 | D:5      | 2787 ||| Stepping randomly (stuck).
  2788 | D:5      | 2788 ||| Stepping randomly (stuck).
  2789 | D:5      | 2789 ||| Stepping randomly (stuck).
  2790 | D:5      | 2790 ||| Stepping randomly (stuck).
  2791 | D:5      | 2791 ||| Stepping randomly (stuck).
  2792 | D:5      | 2792 ||| Stepping randomly (stuck).
  2793 | D:5      | 2793 ||| Stepping randomly (stuck).
  2794 | D:5      | 2794 ||| Stepping randomly (stuck).
  2795 | D:5      | 2795 ||| Stepping randomly (stuck).
  2796 | D:5      | 2796 ||| Stepping randomly (stuck).
  2797 | D:5      | 2797 ||| Stepping randomly (stuck).
  2798 | D:5      | 2798 ||| Stepping randomly (stuck).
  2799 | D:5      | 2799 ||| Stepping randomly (stuck).
  2800 | D:5      | 2800 ||| Stepping randomly (stuck).
  2801 | D:5      | 2801 ||| Stepping randomly (stuck).
  2802 | D:5      | 2802 ||| Stepping randomly (stuck).
  2803 | D:5      | 2803 ||| Stepping randomly (stuck).
  2804 | D:5      | 2804 ||| Stepping randomly (stuck).
  2805 | D:5      | 2805 ||| Stepping randomly (stuck).
  2806 | D:5      | 2806 ||| Stepping randomly (stuck).
  2807 | D:5      | 2807 ||| Stepping randomly (stuck).
  2808 | D:5      | 2808 ||| Stepping randomly (stuck).
  2809 | D:5      | 2809 ||| Stepping randomly (stuck).
  2810 | D:5      | 2810 ||| Stepping randomly (stuck).
  2811 | D:5      | 2811 ||| Stepping randomly (stuck).
  2812 | D:5      | 2812 ||| Stepping randomly (stuck).
  2813 | D:5      | 2813 ||| Stepping randomly (stuck).
  2814 | D:5      | 2814 ||| Stepping randomly (stuck).
  2815 | D:5      | 2815 ||| Stepping randomly (stuck).
  2816 | D:5      | 2816 ||| Stepping randomly (stuck).
  2817 | D:5      | 2817 ||| Stepping randomly (stuck).
  2818 | D:5      | 2818 ||| Stepping randomly (stuck).
  2819 | D:5      | 2819 ||| Stepping randomly (stuck).
  2820 | D:5      | 2820 ||| Stepping randomly (stuck).
  2821 | D:5      | 2821 ||| Stepping randomly (stuck).
  2822 | D:5      | 2822 ||| Stepping randomly (stuck).
  2823 | D:5      | 2823 ||| Stepping randomly (stuck).
  2824 | D:5      | 2824 ||| Stepping randomly (stuck).
  2825 | D:5      | 2825 ||| Stepping randomly (stuck).
  2826 | D:5      | 2826 ||| Stepping randomly (stuck).
  2827 | D:5      | 2827 ||| Stepping randomly (stuck).
  2828 | D:5      | 2828 ||| Stepping randomly (stuck).
  2829 | D:5      | 2829 ||| Stepping randomly (stuck).
  2830 | D:5      | 2830 ||| Stepping randomly (stuck).
  2831 | D:5      | 2831 ||| Stepping randomly (stuck).
  2832 | D:5      | 2832 ||| Stepping randomly (stuck).
  2833 | D:5      | 2833 ||| Stepping randomly (stuck).
  2834 | D:5      | 2834 ||| Stepping randomly (stuck).
  2835 | D:5      | 2835 ||| Stepping randomly (stuck).
  2836 | D:5      | 2836 ||| Stepping randomly (stuck).
  2837 | D:5      | 2837 ||| Stepping randomly (stuck).
  2838 | D:5      | 2838 ||| Stepping randomly (stuck).
  2839 | D:5      | 2839 ||| Stepping randomly (stuck).
  2840 | D:5      | 2840 ||| Stepping randomly (stuck).
  2841 | D:5      | 2841 ||| Stepping randomly (stuck).
  2842 | D:5      | 2842 ||| Stepping randomly (stuck).
  2843 | D:5      | 2843 ||| Stepping randomly (stuck).
  2844 | D:5      | 2844 ||| Stepping randomly (stuck).
  2845 | D:5      | 2845 ||| Stepping randomly (stuck).
  2846 | D:5      | 2846 ||| Stepping randomly (stuck).
  2847 | D:5      | 2847 ||| Stepping randomly (stuck).
  2848 | D:5      | 2848 ||| Stepping randomly (stuck).
  2849 | D:5      | 2849 ||| Stepping randomly (stuck).
  2850 | D:5      | 2850 ||| Stepping randomly (stuck).
  2851 | D:5      | 2851 ||| Stepping randomly (stuck).
  2852 | D:5      | 2852 ||| Stepping randomly (stuck).
  2853 | D:5      | 2853 ||| Stepping randomly (stuck).
  2854 | D:5      | 2854 ||| Stepping randomly (stuck).
  2855 | D:5      | 2855 ||| Stepping randomly (stuck).
  2856 | D:5      | 2856 ||| Stepping randomly (stuck).
  2857 | D:5      | 2857 ||| Stepping randomly (stuck).
  2858 | D:5      | 2858 ||| Stepping randomly (stuck).
  2859 | D:5      | 2859 ||| Stepping randomly (stuck).
  2860 | D:5      | 2860 ||| Stepping randomly (stuck).
  2861 | D:5      | 2861 ||| Stepping randomly (stuck).
  2862 | D:5      | 2862 ||| Stepping randomly (stuck).
  2863 | D:5      | 2863 ||| Stepping randomly (stuck).
  2864 | D:5      | 2864 ||| Stepping randomly (stuck).
  2865 | D:5      | 2865 ||| Stepping randomly (stuck).
  2866 | D:5      | 2866 ||| Stepping randomly (stuck).
  2867 | D:5      | 2867 ||| Stepping randomly (stuck).
  2868 | D:5      | 2868 ||| Stepping randomly (stuck).
  2869 | D:5      | 2869 ||| Stepping randomly (stuck).
  2870 | D:5      | 2870 ||| Stepping randomly (stuck).
  2871 | D:5      | 2871 ||| Stepping randomly (stuck).
  2872 | D:5      | 2872 ||| Stepping randomly (stuck).
  2873 | D:5      | 2873 ||| Stepping randomly (stuck).
  2874 | D:5      | 2874 ||| Stepping randomly (stuck).
  2875 | D:5      | 2875 ||| Stepping randomly (stuck).
  2876 | D:5      | 2876 ||| Stepping randomly (stuck).
  2877 | D:5      | 2877 ||| Stepping randomly (stuck).
  2878 | D:5      | 2878 ||| Stepping randomly (stuck).
  2879 | D:5      | 2879 ||| Stepping randomly (stuck).
  2880 | D:5      | 2880 ||| Stepping randomly (stuck).
  2881 | D:5      | 2881 ||| Stepping randomly (stuck).
  2882 | D:5      | 2882 ||| Stepping randomly (stuck).
  2883 | D:5      | 2883 ||| Stepping randomly (stuck).
  2884 | D:5      | 2884 ||| Stepping randomly (stuck).
  2885 | D:5      | 2885 ||| Stepping randomly (stuck).
  2886 | D:5      | 2886 ||| Stepping randomly (stuck).
  2887 | D:5      | 2887 ||| Stepping randomly (stuck).
  2888 | D:5      | 2888 ||| Stepping randomly (stuck).
  2889 | D:5      | 2889 ||| Stepping randomly (stuck).
  2890 | D:5      | 2890 ||| Stepping randomly (stuck).
  2891 | D:5      | 2891 ||| Stepping randomly (stuck).
  2892 | D:5      | 2892 ||| Stepping randomly (stuck).
  2893 | D:5      | 2893 ||| Stepping randomly (stuck).
  2894 | D:5      | 2894 ||| Stepping randomly (stuck).
  2895 | D:5      | 2895 ||| Stepping randomly (stuck).
  2896 | D:5      | 2896 ||| Stepping randomly (stuck).
  2897 | D:5      | 2897 ||| Stepping randomly (stuck).
  2898 | D:5      | 2898 ||| Stepping randomly (stuck).
  2899 | D:5      | 2899 ||| Stepping randomly (stuck).
  2900 | D:5      | 2900 ||| Stepping randomly (stuck).
  2901 | D:5      | 2901 ||| Stepping randomly (stuck).
  2902 | D:5      | 2902 ||| Stepping randomly (stuck).
  2903 | D:5      | 2903 ||| Stepping randomly (stuck).
  2904 | D:5      | 2904 ||| Stepping randomly (stuck).
  2905 | D:5      | 2905 ||| Stepping randomly (stuck).
  2906 | D:5      | 2906 ||| Stepping randomly (stuck).
  2907 | D:5      | 2907 ||| Stepping randomly (stuck).
  2908 | D:5      | 2908 ||| Stepping randomly (stuck).
  2909 | D:5      | 2909 ||| Stepping randomly (stuck).
  2910 | D:5      | 2910 ||| Stepping randomly (stuck).
  2911 | D:5      | 2911 ||| Stepping randomly (stuck).
  2912 | D:5      | 2912 ||| Stepping randomly (stuck).
  2913 | D:5      | 2913 ||| Stepping randomly (stuck).
  2914 | D:5      | 2914 ||| Stepping randomly (stuck).
  2915 | D:5      | 2915 ||| Stepping randomly (stuck).
  2916 | D:5      | 2916 ||| Stepping randomly (stuck).
  2917 | D:5      | 2917 ||| Stepping randomly (stuck).
  2918 | D:5      | 2918 ||| Stepping randomly (stuck).
  2919 | D:5      | 2919 ||| Stepping randomly (stuck).
  2920 | D:5      | 2920 ||| Stepping randomly (stuck).
  2921 | D:5      | 2921 ||| Stepping randomly (stuck).
  2922 | D:5      | 2922 ||| Stepping randomly (stuck).
  2923 | D:5      | 2923 ||| Stepping randomly (stuck).
  2924 | D:5      | 2924 ||| Stepping randomly (stuck).
  2925 | D:5      | 2925 ||| Stepping randomly (stuck).
  2926 | D:5      | 2926 ||| Stepping randomly (stuck).
  2927 | D:5      | 2927 ||| Stepping randomly (stuck).
  2928 | D:5      | 2928 ||| Stepping randomly (stuck).
  2929 | D:5      | 2929 ||| Stepping randomly (stuck).
  2930 | D:5      | 2930 ||| Stepping randomly (stuck).
  2931 | D:5      | 2931 ||| Stepping randomly (stuck).
  2932 | D:5      | 2932 ||| Stepping randomly (stuck).
  2933 | D:5      | 2933 ||| Stepping randomly (stuck).
  2934 | D:5      | 2934 ||| Stepping randomly (stuck).
  2935 | D:5      | 2935 ||| Stepping randomly (stuck).
  2936 | D:5      | 2936 ||| Stepping randomly (stuck).
  2937 | D:5      | 2937 ||| Stepping randomly (stuck).
  2938 | D:5      | 2938 ||| Stepping randomly (stuck).
  2939 | D:5      | 2939 ||| Stepping randomly (stuck).
  2940 | D:5      | 2940 ||| Stepping randomly (stuck).
  2941 | D:5      | 2941 ||| Stepping randomly (stuck).
  2942 | D:5      | 2942 ||| Stepping randomly (stuck).
  2943 | D:5      | 2943 ||| Stepping randomly (stuck).
  2944 | D:5      | 2944 ||| Stepping randomly (stuck).
  2945 | D:5      | 2945 ||| Stepping randomly (stuck).
  2946 | D:5      | 2946 ||| Stepping randomly (stuck).
  2947 | D:5      | 2947 ||| Stepping randomly (stuck).
  2948 | D:5      | 2948 ||| Stepping randomly (stuck).
  2949 | D:5      | 2949 ||| Stepping randomly (stuck).
  2950 | D:5      | 2950 ||| Stepping randomly (stuck).
  2951 | D:5      | 2951 ||| Stepping randomly (stuck).
  2952 | D:5      | 2952 ||| Stepping randomly (stuck).
  2953 | D:5      | 2953 ||| Stepping randomly (stuck).
  2954 | D:5      | 2954 ||| Stepping randomly (stuck).
  2955 | D:5      | 2955 ||| Stepping randomly (stuck).
  2956 | D:5      | 2956 ||| Stepping randomly (stuck).
  2957 | D:5      | 2957 ||| Stepping randomly (stuck).
  2958 | D:5      | 2958 ||| Stepping randomly (stuck).
  2959 | D:5      | 2959 ||| Stepping randomly (stuck).
  2960 | D:5      | 2960 ||| Stepping randomly (stuck).
  2961 | D:5      | 2961 ||| Stepping randomly (stuck).
  2962 | D:5      | 2962 ||| Stepping randomly (stuck).
  2963 | D:5      | 2963 ||| Stepping randomly (stuck).
  2964 | D:5      | 2964 ||| Stepping randomly (stuck).
  2965 | D:5      | 2965 ||| Stepping randomly (stuck).
  2966 | D:5      | 2966 ||| Stepping randomly (stuck).
  2967 | D:5      | 2967 ||| Stepping randomly (stuck).
  2968 | D:5      | 2968 ||| Stepping randomly (stuck).
  2969 | D:5      | 2969 ||| Stepping randomly (stuck).
  2970 | D:5      | 2970 ||| Stepping randomly (stuck).
  2971 | D:5      | 2971 ||| Stepping randomly (stuck).
  2972 | D:5      | 2972 ||| Stepping randomly (stuck).
  2973 | D:5      | 2973 ||| Stepping randomly (stuck).
  2974 | D:5      | 2974 ||| Stepping randomly (stuck).
  2975 | D:5      | 2975 ||| Stepping randomly (stuck).
  2976 | D:5      | 2976 ||| Stepping randomly (stuck).
  2977 | D:5      | 2977 ||| Stepping randomly (stuck).
  2978 | D:5      | 2978 ||| Stepping randomly (stuck).
  2979 | D:5      | 2979 ||| Stepping randomly (stuck).
  2980 | D:5      | 2980 ||| Stepping randomly (stuck).
  2981 | D:5      | 2981 ||| Stepping randomly (stuck).
  2982 | D:5      | 2982 ||| Stepping randomly (stuck).
  2983 | D:5      | 2983 ||| Stepping randomly (stuck).
  2984 | D:5      | 2984 ||| Stepping randomly (stuck).
  2985 | D:5      | 2985 ||| Stepping randomly (stuck).
  2986 | D:5      | 2986 ||| Stepping randomly (stuck).
  2987 | D:5      | 2987 ||| Stepping randomly (stuck).
  2988 | D:5      | 2988 ||| Stepping randomly (stuck).
  2989 | D:5      | 2989 ||| Stepping randomly (stuck).
  2990 | D:5      | 2990 ||| Stepping randomly (stuck).
  2991 | D:5      | 2991 ||| Stepping randomly (stuck).
  2992 | D:5      | 2992 ||| Stepping randomly (stuck).
  2993 | D:5      | 2993 ||| Stepping randomly (stuck).
  2994 | D:5      | 2994 ||| Stepping randomly (stuck).
  2995 | D:5      | 2995 ||| Stepping randomly (stuck).
  2996 | D:5      | 2996 ||| Stepping randomly (stuck).
  2997 | D:5      | 2997 ||| Stepping randomly (stuck).
  2998 | D:5      | 2998 ||| Stepping randomly (stuck).
  2999 | D:5      | 2999 ||| Stepping randomly (stuck).
  3000 | D:5      | 3000 ||| Stepping randomly (stuck).
  3001 | D:5      | 3001 ||| Stepping randomly (stuck).
  3002 | D:5      | 3002 ||| Stepping randomly (stuck).
  3003 | D:5      | 3003 ||| Stepping randomly (stuck).
  3004 | D:5      | 3004 ||| Stepping randomly (stuck).
  3005 | D:5      | 3005 ||| Stepping randomly (stuck).
  3006 | D:5      | 3006 ||| Stepping randomly (stuck).
  3007 | D:5      | 3007 ||| Stepping randomly (stuck).
  3008 | D:5      | 3008 ||| Stepping randomly (stuck).
  3009 | D:5      | 3009 ||| Stepping randomly (stuck).
  3010 | D:5      | 3010 ||| Stepping randomly (stuck).
  3011 | D:5      | 3011 ||| Stepping randomly (stuck).
  3012 | D:5      | 3012 ||| Stepping randomly (stuck).
  3013 | D:5      | 3013 ||| Stepping randomly (stuck).
  3014 | D:5      | 3014 ||| Stepping randomly (stuck).
  3015 | D:5      | 3015 ||| Stepping randomly (stuck).
  3016 | D:5      | 3016 ||| Stepping randomly (stuck).
  3017 | D:5      | 3017 ||| Stepping randomly (stuck).
  3018 | D:5      | 3018 ||| Stepping randomly (stuck).
  3019 | D:5      | 3019 ||| Stepping randomly (stuck).
  3020 | D:5      | 3020 ||| Stepping randomly (stuck).
  3021 | D:5      | 3021 ||| Stepping randomly (stuck).
  3022 | D:5      | 3022 ||| Stepping randomly (stuck).
  3023 | D:5      | 3023 ||| Stepping randomly (stuck).
  3024 | D:5      | 3024 ||| Stepping randomly (stuck).
  3025 | D:5      | 3025 ||| Stepping randomly (stuck).
  3026 | D:5      | 3026 ||| Stepping randomly (stuck).
  3027 | D:5      | 3027 ||| Stepping randomly (stuck).
  3028 | D:5      | 3028 ||| Stepping randomly (stuck).
  3029 | D:5      | 3029 ||| Stepping randomly (stuck).
  3030 | D:5      | 3030 ||| Stepping randomly (stuck).
  3031 | D:5      | 3031 ||| Stepping randomly (stuck).
  3032 | D:5      | 3032 ||| Stepping randomly (stuck).
  3033 | D:5      | 3033 ||| Stepping randomly (stuck).
  3034 | D:5      | 3034 ||| Stepping randomly (stuck).
  3035 | D:5      | 3035 ||| Stepping randomly (stuck).
  3036 | D:5      | 3036 ||| Stepping randomly (stuck).
  3037 | D:5      | 3037 ||| Stepping randomly (stuck).
  3038 | D:5      | 3038 ||| Stepping randomly (stuck).
  3039 | D:5      | 3039 ||| Stepping randomly (stuck).
  3040 | D:5      | 3040 ||| Stepping randomly (stuck).
  3041 | D:5      | 3041 ||| Stepping randomly (stuck).
  3042 | D:5      | 3042 ||| Stepping randomly (stuck).
  3043 | D:5      | 3043 ||| Stepping randomly (stuck).
  3044 | D:5      | 3044 ||| Stepping randomly (stuck).
  3045 | D:5      | 3045 ||| Stepping randomly (stuck).
  3046 | D:5      | 3046 ||| Stepping randomly (stuck).
  3047 | D:5      | 3047 ||| Stepping randomly (stuck).
  3048 | D:5      | 3048 ||| Stepping randomly (stuck).
  3049 | D:5      | 3049 ||| Stepping randomly (stuck).
  3050 | D:5      | 3050 ||| Stepping randomly (stuck).
  3051 | D:5      | 3051 ||| Stepping randomly (stuck).
  3052 | D:5      | 3052 ||| Stepping randomly (stuck).
  3053 | D:5      | 3053 ||| Stepping randomly (stuck).
  3054 | D:5      | 3054 ||| Stepping randomly (stuck).
  3055 | D:5      | 3055 ||| Stepping randomly (stuck).
  3056 | D:5      | 3056 ||| Stepping randomly (stuck).
  3057 | D:5      | 3057 ||| Stepping randomly (stuck).
  3058 | D:5      | 3058 ||| Stepping randomly (stuck).
  3059 | D:5      | 3059 ||| Stepping randomly (stuck).
  3060 | D:5      | 3060 ||| Stepping randomly (stuck).
  3061 | D:5      | 3061 ||| Stepping randomly (stuck).
  3062 | D:5      | 3062 ||| Stepping randomly (stuck).
  3063 | D:5      | 3063 ||| Stepping randomly (stuck).
  3064 | D:5      | 3064 ||| Stepping randomly (stuck).
  3065 | D:5      | 3065 ||| Stepping randomly (stuck).
  3066 | D:5      | 3066 ||| Stepping randomly (stuck).
  3067 | D:5      | 3067 ||| Stepping randomly (stuck).
  3068 | D:5      | 3068 ||| Stepping randomly (stuck).
  3069 | D:5      | 3069 ||| Stepping randomly (stuck).
  3070 | D:5      | 3070 ||| Stepping randomly (stuck).
  3071 | D:5      | 3071 ||| Stepping randomly (stuck).
  3072 | D:5      | 3072 ||| Stepping randomly (stuck).
  3073 | D:5      | 3073 ||| Stepping randomly (stuck).
  3074 | D:5      | 3074 ||| Stepping randomly (stuck).
  3075 | D:5      | 3075 ||| Stepping randomly (stuck).
  3076 | D:5      | 3076 ||| Stepping randomly (stuck).
  3077 | D:5      | 3077 ||| Stepping randomly (stuck).
  3078 | D:5      | 3078 ||| Stepping randomly (stuck).
  3079 | D:5      | 3079 ||| Stepping randomly (stuck).
  3080 | D:5      | 3080 ||| Stepping randomly (stuck).
  3081 | D:5      | 3081 ||| Stepping randomly (stuck).
  3082 | D:5      | 3082 ||| Stepping randomly (stuck).
  3083 | D:5      | 3083 ||| Stepping randomly (stuck).
  3084 | D:5      | 3084 ||| Stepping randomly (stuck).
  3085 | D:5      | 3085 ||| Stepping randomly (stuck).
  3086 | D:5      | 3086 ||| Stepping randomly (stuck).
  3087 | D:5      | 3087 ||| Stepping randomly (stuck).
  3088 | D:5      | 3088 ||| Stepping randomly (stuck).
  3089 | D:5      | 3089 ||| Stepping randomly (stuck).
  3090 | D:5      | 3090 ||| Stepping randomly (stuck).
  3091 | D:5      | 3091 ||| Stepping randomly (stuck).
  3092 | D:5      | 3092 ||| Stepping randomly (stuck).
  3093 | D:5      | 3093 ||| Stepping randomly (stuck).
  3094 | D:5      | 3094 ||| Stepping randomly (stuck).
  3095 | D:5      | 3095 ||| Stepping randomly (stuck).
  3096 | D:5      | 3096 ||| Stepping randomly (stuck).
  3097 | D:5      | 3097 ||| Stepping randomly (stuck).
  3098 | D:5      | 3098 ||| Stepping randomly (stuck).
  3099 | D:5      | 3099 ||| Stepping randomly (stuck).
  3100 | D:5      | 3100 ||| Stepping randomly (stuck).
  3101 | D:5      | 3101 ||| Stepping randomly (stuck).
  3102 | D:5      | 3102 ||| Stepping randomly (stuck).
  3103 | D:5      | 3103 ||| Stepping randomly (stuck).
  3104 | D:5      | 3104 ||| Stepping randomly (stuck).
  3105 | D:5      | 3105 ||| Stepping randomly (stuck).
  3106 | D:5      | 3106 ||| Stepping randomly (stuck).
  3107 | D:5      | 3107 ||| Stepping randomly (stuck).
  3108 | D:5      | 3108 ||| Stepping randomly (stuck).
  3109 | D:5      | 3109 ||| Stepping randomly (stuck).
  3110 | D:5      | 3110 ||| Stepping randomly (stuck).
  3111 | D:5      | 3111 ||| Stepping randomly (stuck).
  3112 | D:5      | 3112 ||| Stepping randomly (stuck).
  3113 | D:5      | 3113 ||| Stepping randomly (stuck).
  3114 | D:5      | 3114 ||| Stepping randomly (stuck).
  3115 | D:5      | 3115 ||| Stepping randomly (stuck).
  3116 | D:5      | 3116 ||| Stepping randomly (stuck).
  3117 | D:5      | 3117 ||| Stepping randomly (stuck).
  3118 | D:5      | 3118 ||| Stepping randomly (stuck).
  3119 | D:5      | 3119 ||| Stepping randomly (stuck).
  3120 | D:5      | 3120 ||| Stepping randomly (stuck).
  3121 | D:5      | 3121 ||| Stepping randomly (stuck).
  3122 | D:5      | 3122 ||| Stepping randomly (stuck).
  3123 | D:5      | 3123 ||| Stepping randomly (stuck).
  3124 | D:5      | 3124 ||| Stepping randomly (stuck).
  3125 | D:5      | 3125 ||| Stepping randomly (stuck).
  3126 | D:5      | 3126 ||| Stepping randomly (stuck).
  3127 | D:5      | 3127 ||| Stepping randomly (stuck).
  3128 | D:5      | 3128 ||| Stepping randomly (stuck).
  3129 | D:5      | 3129 ||| Stepping randomly (stuck).
  3130 | D:5      | 3130 ||| Stepping randomly (stuck).
  3131 | D:5      | 3131 ||| Stepping randomly (stuck).
  3132 | D:5      | 3132 ||| Stepping randomly (stuck).
  3133 | D:5      | 3133 ||| Stepping randomly (stuck).
  3134 | D:5      | 3134 ||| Stepping randomly (stuck).
  3135 | D:5      | 3135 ||| Stepping randomly (stuck).
  3136 | D:5      | 3136 ||| Stepping randomly (stuck).
  3137 | D:5      | 3137 ||| Stepping randomly (stuck).
  3138 | D:5      | 3138 ||| Stepping randomly (stuck).
  3139 | D:5      | 3139 ||| Stepping randomly (stuck).
  3140 | D:5      | 3140 ||| Stepping randomly (stuck).
  3141 | D:5      | 3141 ||| Stepping randomly (stuck).
  3142 | D:5      | 3142 ||| Stepping randomly (stuck).
  3143 | D:5      | 3143 ||| Stepping randomly (stuck).
  3144 | D:5      | 3144 ||| Stepping randomly (stuck).
  3145 | D:5      | 3145 ||| Stepping randomly (stuck).
  3146 | D:5      | 3146 ||| Stepping randomly (stuck).
  3147 | D:5      | 3147 ||| Stepping randomly (stuck).
  3148 | D:5      | 3148 ||| Stepping randomly (stuck).
  3149 | D:5      | 3149 ||| Stepping randomly (stuck).
  3150 | D:5      | 3150 ||| Stepping randomly (stuck).
  3151 | D:5      | 3151 ||| Stepping randomly (stuck).
  3152 | D:5      | 3152 ||| Stepping randomly (stuck).
  3153 | D:5      | 3153 ||| Stepping randomly (stuck).
  3154 | D:5      | 3154 ||| Stepping randomly (stuck).
  3155 | D:5      | 3155 ||| Stepping randomly (stuck).
  3156 | D:5      | 3156 ||| Stepping randomly (stuck).
  3157 | D:5      | 3157 ||| Stepping randomly (stuck).
  3158 | D:5      | 3158 ||| Stepping randomly (stuck).
  3159 | D:5      | 3159 ||| Stepping randomly (stuck).
  3160 | D:5      | 3160 ||| Stepping randomly (stuck).
  3161 | D:5      | 3161 ||| Stepping randomly (stuck).
  3162 | D:5      | 3162 ||| Stepping randomly (stuck).
  3163 | D:5      | 3163 ||| Stepping randomly (stuck).
  3164 | D:5      | 3164 ||| Stepping randomly (stuck).
  3165 | D:5      | 3165 ||| Stepping randomly (stuck).
  3166 | D:5      | 3166 ||| Stepping randomly (stuck).
  3167 | D:5      | 3167 ||| Stepping randomly (stuck).
  3168 | D:5      | 3168 ||| Stepping randomly (stuck).
  3169 | D:5      | 3169 ||| Stepping randomly (stuck).
  3170 | D:5      | 3170 ||| Stepping randomly (stuck).
  3171 | D:5      | 3171 ||| Stepping randomly (stuck).
  3172 | D:5      | 3172 ||| Stepping randomly (stuck).
  3173 | D:5      | 3173 ||| Stepping randomly (stuck).
  3174 | D:5      | 3174 ||| Stepping randomly (stuck).
  3175 | D:5      | 3175 ||| Stepping randomly (stuck).
  3176 | D:5      | 3176 ||| Stepping randomly (stuck).
  3177 | D:5      | 3177 ||| Stepping randomly (stuck).
  3178 | D:5      | 3178 ||| Stepping randomly (stuck).
  3179 | D:5      | 3179 ||| Stepping randomly (stuck).
  3180 | D:5      | 3180 ||| Stepping randomly (stuck).
  3181 | D:5      | 3181 ||| Stepping randomly (stuck).
  3182 | D:5      | 3182 ||| Stepping randomly (stuck).
  3183 | D:5      | 3183 ||| Stepping randomly (stuck).
  3184 | D:5      | 3184 ||| Stepping randomly (stuck).
  3185 | D:5      | 3185 ||| Stepping randomly (stuck).
  3186 | D:5      | 3186 ||| Stepping randomly (stuck).
  3187 | D:5      | 3187 ||| Stepping randomly (stuck).
  3188 | D:5      | 3188 ||| Stepping randomly (stuck).
  3189 | D:5      | 3189 ||| Stepping randomly (stuck).
  3190 | D:5      | 3190 ||| Stepping randomly (stuck).
  3191 | D:5      | 3191 ||| Stepping randomly (stuck).
  3192 | D:5      | 3192 ||| Stepping randomly (stuck).
  3193 | D:5      | 3193 ||| Stepping randomly (stuck).
  3194 | D:5      | 3194 ||| Stepping randomly (stuck).
  3195 | D:5      | 3195 ||| Stepping randomly (stuck).
  3196 | D:5      | 3196 ||| Stepping randomly (stuck).
  3197 | D:5      | 3197 ||| Stepping randomly (stuck).
  3198 | D:5      | 3198 ||| Stepping randomly (stuck).
  3199 | D:5      | 3199 ||| Stepping randomly (stuck).
  3200 | D:5      | 3200 ||| Stepping randomly (stuck).
  3201 | D:5      | 3201 ||| Stepping randomly (stuck).
  3202 | D:5      | 3202 ||| Stepping randomly (stuck).
  3203 | D:5      | 3203 ||| Stepping randomly (stuck).
  3204 | D:5      | 3204 ||| Stepping randomly (stuck).
  3205 | D:5      | 3205 ||| Stepping randomly (stuck).
  3206 | D:5      | 3206 ||| Stepping randomly (stuck).
  3207 | D:5      | 3207 ||| Stepping randomly (stuck).
  3208 | D:5      | 3208 ||| Stepping randomly (stuck).
  3209 | D:5      | 3209 ||| Stepping randomly (stuck).
  3210 | D:5      | 3210 ||| Stepping randomly (stuck).
  3211 | D:5      | 3211 ||| Stepping randomly (stuck).
  3212 | D:5      | 3212 ||| Stepping randomly (stuck).
  3213 | D:5      | 3213 ||| Stepping randomly (stuck).
  3214 | D:5      | 3214 ||| Stepping randomly (stuck).
  3215 | D:5      | 3215 ||| Stepping randomly (stuck).
  3216 | D:5      | 3216 ||| Stepping randomly (stuck).
  3217 | D:5      | 3217 ||| Stepping randomly (stuck).
  3218 | D:5      | 3218 ||| Stepping randomly (stuck).
  3219 | D:5      | 3219 ||| Stepping randomly (stuck).
  3220 | D:5      | 3220 ||| Stepping randomly (stuck).
  3221 | D:5      | 3221 ||| Stepping randomly (stuck).
  3222 | D:5      | 3222 ||| Stepping randomly (stuck).
  3223 | D:5      | 3223 ||| Stepping randomly (stuck).
  3224 | D:5      | 3224 ||| Stepping randomly (stuck).
  3225 | D:5      | 3225 ||| Stepping randomly (stuck).
  3226 | D:5      | 3226 ||| Stepping randomly (stuck).
  3227 | D:5      | 3227 ||| Stepping randomly (stuck).
  3228 | D:5      | 3228 ||| Stepping randomly (stuck).
  3229 | D:5      | 3229 ||| Stepping randomly (stuck).
  3230 | D:5      | 3230 ||| Stepping randomly (stuck).
  3231 | D:5      | 3231 ||| Stepping randomly (stuck).
  3232 | D:5      | 3232 ||| Stepping randomly (stuck).
  3233 | D:5      | 3233 ||| Stepping randomly (stuck).
  3234 | D:5      | 3234 ||| Stepping randomly (stuck).
  3235 | D:5      | 3235 ||| Stepping randomly (stuck).
  3236 | D:5      | 3236 ||| Stepping randomly (stuck).
  3237 | D:5      | 3237 ||| Stepping randomly (stuck).
  3238 | D:5      | 3238 ||| Stepping randomly (stuck).
  3239 | D:5      | 3239 ||| Stepping randomly (stuck).
  3240 | D:5      | 3240 ||| Stepping randomly (stuck).
  3241 | D:5      | 3241 ||| Stepping randomly (stuck).
  3242 | D:5      | 3242 ||| Stepping randomly (stuck).
  3243 | D:5      | 3243 ||| Stepping randomly (stuck).
  3244 | D:5      | 3244 ||| Stepping randomly (stuck).
  3245 | D:5      | 3245 ||| Stepping randomly (stuck).
  3246 | D:5      | 3246 ||| Stepping randomly (stuck).
  3247 | D:5      | 3247 ||| Stepping randomly (stuck).
  3248 | D:5      | 3248 ||| Stepping randomly (stuck).
  3249 | D:5      | 3249 ||| Stepping randomly (stuck).
  3250 | D:5      | 3250 ||| Stepping randomly (stuck).
  3251 | D:5      | 3251 ||| Stepping randomly (stuck).
  3252 | D:5      | 3252 ||| Stepping randomly (stuck).
  3253 | D:5      | 3253 ||| Stepping randomly (stuck).
  3254 | D:5      | 3254 ||| Stepping randomly (stuck).
  3255 | D:5      | 3255 ||| Stepping randomly (stuck).
  3256 | D:5      | 3256 ||| Stepping randomly (stuck).
  3257 | D:5      | 3257 ||| Stepping randomly (stuck).
  3258 | D:5      | 3258 ||| Stepping randomly (stuck).
  3259 | D:5      | 3259 ||| Stepping randomly (stuck).
  3260 | D:5      | 3260 ||| Stepping randomly (stuck).
  3261 | D:5      | 3261 ||| Stepping randomly (stuck).
  3262 | D:5      | 3262 ||| Stepping randomly (stuck).
  3263 | D:5      | 3263 ||| Stepping randomly (stuck).
  3264 | D:5      | 3264 ||| Stepping randomly (stuck).
  3265 | D:5      | 3265 ||| Stepping randomly (stuck).
  3266 | D:5      | 3266 ||| Stepping randomly (stuck).
  3267 | D:5      | 3267 ||| Stepping randomly (stuck).
  3268 | D:5      | 3268 ||| Stepping randomly (stuck).
  3269 | D:5      | 3269 ||| Stepping randomly (stuck).
  3270 | D:5      | 3270 ||| Stepping randomly (stuck).
  3271 | D:5      | 3271 ||| Stepping randomly (stuck).
  3272 | D:5      | 3272 ||| Stepping randomly (stuck).
  3273 | D:5      | 3273 ||| Stepping randomly (stuck).
  3274 | D:5      | 3274 ||| Stepping randomly (stuck).
  3275 | D:5      | 3275 ||| Stepping randomly (stuck).
  3276 | D:5      | 3276 ||| Stepping randomly (stuck).
  3277 | D:5      | 3277 ||| Stepping randomly (stuck).
  3278 | D:5      | 3278 ||| Stepping randomly (stuck).
  3279 | D:5      | 3279 ||| Stepping randomly (stuck).
  3280 | D:5      | 3280 ||| Stepping randomly (stuck).
  3281 | D:5      | 3281 ||| Stepping randomly (stuck).
  3282 | D:5      | 3282 ||| Stepping randomly (stuck).
  3283 | D:5      | 3283 ||| Stepping randomly (stuck).
  3284 | D:5      | 3284 ||| Stepping randomly (stuck).
  3285 | D:5      | 3285 ||| Stepping randomly (stuck).
  3286 | D:5      | 3286 ||| Stepping randomly (stuck).
  3287 | D:5      | 3287 ||| Stepping randomly (stuck).
  3288 | D:5      | 3288 ||| Stepping randomly (stuck).
  3289 | D:5      | 3289 ||| Stepping randomly (stuck).
  3290 | D:5      | 3290 ||| Stepping randomly (stuck).
  3291 | D:5      | 3291 ||| Stepping randomly (stuck).
  3292 | D:5      | 3292 ||| Stepping randomly (stuck).
  3293 | D:5      | 3293 ||| Stepping randomly (stuck).
  3294 | D:5      | 3294 ||| Stepping randomly (stuck).
  3295 | D:5      | 3295 ||| Stepping randomly (stuck).
  3296 | D:5      | 3296 ||| Stepping randomly (stuck).
  3297 | D:5      | 3297 ||| Stepping randomly (stuck).
  3298 | D:5      | 3298 ||| Stepping randomly (stuck).
  3299 | D:5      | 3299 ||| Stepping randomly (stuck).
  3300 | D:5      | 3300 ||| Stepping randomly (stuck).
  3301 | D:5      | 3301 ||| Stepping randomly (stuck).
  3302 | D:5      | 3302 ||| Stepping randomly (stuck).
  3303 | D:5      | 3303 ||| Stepping randomly (stuck).
  3304 | D:5      | 3304 ||| Stepping randomly (stuck).
  3305 | D:5      | 3305 ||| Stepping randomly (stuck).
  3306 | D:5      | 3306 ||| Stepping randomly (stuck).
  3307 | D:5      | 3307 ||| Stepping randomly (stuck).
  3308 | D:5      | 3308 ||| Stepping randomly (stuck).
  3309 | D:5      | 3309 ||| Stepping randomly (stuck).
  3310 | D:5      | 3310 ||| Stepping randomly (stuck).
  3311 | D:5      | 3311 ||| Stepping randomly (stuck).
  3312 | D:5      | 3312 ||| Stepping randomly (stuck).
  3313 | D:5      | 3313 ||| Stepping randomly (stuck).
  3314 | D:5      | 3314 ||| Stepping randomly (stuck).
  3315 | D:5      | 3315 ||| Stepping randomly (stuck).
  3316 | D:5      | 3316 ||| Stepping randomly (stuck).
  3317 | D:5      | 3317 ||| Stepping randomly (stuck).
  3318 | D:5      | 3318 ||| Stepping randomly (stuck).
  3319 | D:5      | 3319 ||| Stepping randomly (stuck).
  3320 | D:5      | 3320 ||| Stepping randomly (stuck).
  3321 | D:5      | 3321 ||| Stepping randomly (stuck).
  3322 | D:5      | 3322 ||| Stepping randomly (stuck).
  3323 | D:5      | 3323 ||| Stepping randomly (stuck).
  3324 | D:5      | 3324 ||| Stepping randomly (stuck).
  3325 | D:5      | 3325 ||| Stepping randomly (stuck).
  3326 | D:5      | 3326 ||| Stepping randomly (stuck).
  3327 | D:5      | 3327 ||| Stepping randomly (stuck).
  3328 | D:5      | 3328 ||| Stepping randomly (stuck).
  3329 | D:5      | 3329 ||| Stepping randomly (stuck).
  3330 | D:5      | 3330 ||| Stepping randomly (stuck).
  3331 | D:5      | 3331 ||| Stepping randomly (stuck).
  3332 | D:5      | 3332 ||| Stepping randomly (stuck).
  3333 | D:5      | 3333 ||| Stepping randomly (stuck).
  3334 | D:5      | 3334 ||| Stepping randomly (stuck).
  3335 | D:5      | 3335 ||| Stepping randomly (stuck).
  3336 | D:5      | 3336 ||| Stepping randomly (stuck).
  3337 | D:5      | 3337 ||| Stepping randomly (stuck).
  3338 | D:5      | 3338 ||| Stepping randomly (stuck).
  3339 | D:5      | 3339 ||| Stepping randomly (stuck).
  3340 | D:5      | 3340 ||| Stepping randomly (stuck).
  3341 | D:5      | 3341 ||| Stepping randomly (stuck).
  3342 | D:5      | 3342 ||| Stepping randomly (stuck).
  3343 | D:5      | 3343 ||| Stepping randomly (stuck).
  3344 | D:5      | 3344 ||| Stepping randomly (stuck).
  3345 | D:5      | 3345 ||| Stepping randomly (stuck).
  3346 | D:5      | 3346 ||| Stepping randomly (stuck).
  3347 | D:5      | 3347 ||| Stepping randomly (stuck).
  3348 | D:5      | 3348 ||| Stepping randomly (stuck).
  3349 | D:5      | 3349 ||| Stepping randomly (stuck).
  3350 | D:5      | 3350 ||| Stepping randomly (stuck).
  3351 | D:5      | 3351 ||| Stepping randomly (stuck).
  3352 | D:5      | 3352 ||| Stepping randomly (stuck).
  3353 | D:5      | 3353 ||| Stepping randomly (stuck).
  3354 | D:5      | 3354 ||| Stepping randomly (stuck).
  3355 | D:5      | 3355 ||| Stepping randomly (stuck).
  3356 | D:5      | 3356 ||| Stepping randomly (stuck).
  3357 | D:5      | 3357 ||| Stepping randomly (stuck).
  3358 | D:5      | 3358 ||| Stepping randomly (stuck).
  3359 | D:5      | 3359 ||| Stepping randomly (stuck).
  3360 | D:5      | 3360 ||| Stepping randomly (stuck).
  3361 | D:5      | 3361 ||| Stepping randomly (stuck).
  3362 | D:5      | 3362 ||| Stepping randomly (stuck).
  3363 | D:5      | 3363 ||| Stepping randomly (stuck).
  3364 | D:5      | 3364 ||| Stepping randomly (stuck).
  3365 | D:5      | 3365 ||| Stepping randomly (stuck).
  3366 | D:5      | 3366 ||| Stepping randomly (stuck).
  3367 | D:5      | 3367 ||| Stepping randomly (stuck).
  3368 | D:5      | 3368 ||| Stepping randomly (stuck).
  3369 | D:5      | 3369 ||| Stepping randomly (stuck).
  3370 | D:5      | 3370 ||| Stepping randomly (stuck).
  3371 | D:5      | 3371 ||| Stepping randomly (stuck).
  3372 | D:5      | 3372 ||| Stepping randomly (stuck).
  3373 | D:5      | 3373 ||| Stepping randomly (stuck).
  3374 | D:5      | 3374 ||| Stepping randomly (stuck).
  3375 | D:5      | 3375 ||| Stepping randomly (stuck).
  3376 | D:5      | 3376 ||| Stepping randomly (stuck).
  3377 | D:5      | 3377 ||| Stepping randomly (stuck).
  3378 | D:5      | 3378 ||| Stepping randomly (stuck).
  3379 | D:5      | 3379 ||| Stepping randomly (stuck).
  3380 | D:5      | 3380 ||| Stepping randomly (stuck).
  3381 | D:5      | 3381 ||| Stepping randomly (stuck).
  3382 | D:5      | 3382 ||| Stepping randomly (stuck).
  3383 | D:5      | 3383 ||| Stepping randomly (stuck).
  3384 | D:5      | 3384 ||| Stepping randomly (stuck).
  3385 | D:5      | 3385 ||| Stepping randomly (stuck).
  3386 | D:5      | 3386 ||| Stepping randomly (stuck).
  3387 | D:5      | 3387 ||| Stepping randomly (stuck).
  3388 | D:5      | 3388 ||| Stepping randomly (stuck).
  3389 | D:5      | 3389 ||| Stepping randomly (stuck).
  3390 | D:5      | 3390 ||| Stepping randomly (stuck).
  3391 | D:5      | 3391 ||| Stepping randomly (stuck).
  3392 | D:5      | 3392 ||| Stepping randomly (stuck).
  3393 | D:5      | 3393 ||| Stepping randomly (stuck).
  3394 | D:5      | 3394 ||| Stepping randomly (stuck).
  3395 | D:5      | 3395 ||| Stepping randomly (stuck).
  3396 | D:5      | 3396 ||| Stepping randomly (stuck).
  3397 | D:5      | 3397 ||| Stepping randomly (stuck).
  3398 | D:5      | 3398 ||| Stepping randomly (stuck).
  3399 | D:5      | 3399 ||| Stepping randomly (stuck).
  3400 | D:5      | 3400 ||| Stepping randomly (stuck).
  3401 | D:5      | 3401 ||| Stepping randomly (stuck).
  3402 | D:5      | 3402 ||| Stepping randomly (stuck).
  3403 | D:5      | 3403 ||| Stepping randomly (stuck).
  3404 | D:5      | 3404 ||| Stepping randomly (stuck).
  3405 | D:5      | 3405 ||| Stepping randomly (stuck).
  3406 | D:5      | 3406 ||| Stepping randomly (stuck).
  3407 | D:5      | 3407 ||| Stepping randomly (stuck).
  3408 | D:5      | 3408 ||| Stepping randomly (stuck).
  3409 | D:5      | 3409 ||| Stepping randomly (stuck).
  3410 | D:5      | 3410 ||| Stepping randomly (stuck).
  3411 | D:5      | 3411 ||| Stepping randomly (stuck).
  3412 | D:5      | 3412 ||| Stepping randomly (stuck).
  3413 | D:5      | 3413 ||| Stepping randomly (stuck).
  3414 | D:5      | 3414 ||| Stepping randomly (stuck).
  3415 | D:5      | 3415 ||| Stepping randomly (stuck).
  3416 | D:5      | 3416 ||| Stepping randomly (stuck).
  3417 | D:5      | 3417 ||| Stepping randomly (stuck).
  3418 | D:5      | 3418 ||| Stepping randomly (stuck).
  3419 | D:5      | 3419 ||| Stepping randomly (stuck).
  3420 | D:5      | 3420 ||| Stepping randomly (stuck).
  3421 | D:5      | 3421 ||| Stepping randomly (stuck).
  3422 | D:5      | 3422 ||| Stepping randomly (stuck).
  3423 | D:5      | 3423 ||| Stepping randomly (stuck).
  3424 | D:5      | 3424 ||| Stepping randomly (stuck).
  3425 | D:5      | 3425 ||| Stepping randomly (stuck).
  3426 | D:5      | 3426 ||| Stepping randomly (stuck).
  3427 | D:5      | 3427 ||| Stepping randomly (stuck).
  3428 | D:5      | 3428 ||| Stepping randomly (stuck).
  3429 | D:5      | 3429 ||| Stepping randomly (stuck).
  3430 | D:5      | 3430 ||| Stepping randomly (stuck).
  3431 | D:5      | 3431 ||| Stepping randomly (stuck).
  3432 | D:5      | 3432 ||| Stepping randomly (stuck).
  3433 | D:5      | 3433 ||| Stepping randomly (stuck).
  3434 | D:5      | 3434 ||| Stepping randomly (stuck).
  3435 | D:5      | 3435 ||| Stepping randomly (stuck).
  3436 | D:5      | 3436 ||| Stepping randomly (stuck).
  3437 | D:5      | 3437 ||| Stepping randomly (stuck).
  3438 | D:5      | 3438 ||| Stepping randomly (stuck).
  3439 | D:5      | 3439 ||| Stepping randomly (stuck).
  3440 | D:5      | 3440 ||| Stepping randomly (stuck).
  3441 | D:5      | 3441 ||| Stepping randomly (stuck).
  3442 | D:5      | 3442 ||| Stepping randomly (stuck).
  3443 | D:5      | 3443 ||| Stepping randomly (stuck).
  3444 | D:5      | 3444 ||| Stepping randomly (stuck).
  3445 | D:5      | 3445 ||| Stepping randomly (stuck).
  3446 | D:5      | 3446 ||| Stepping randomly (stuck).
  3447 | D:5      | 3447 ||| Stepping randomly (stuck).
  3448 | D:5      | 3448 ||| Stepping randomly (stuck).
  3449 | D:5      | 3449 ||| Stepping randomly (stuck).
  3450 | D:5      | 3450 ||| Stepping randomly (stuck).
  3451 | D:5      | 3451 ||| Stepping randomly (stuck).
  3452 | D:5      | 3452 ||| Stepping randomly (stuck).
  3453 | D:5      | 3453 ||| Stepping randomly (stuck).
  3454 | D:5      | 3454 ||| Stepping randomly (stuck).
  3455 | D:5      | 3455 ||| Stepping randomly (stuck).
  3456 | D:5      | 3456 ||| Stepping randomly (stuck).
  3457 | D:5      | 3457 ||| Stepping randomly (stuck).
  3458 | D:5      | 3458 ||| Stepping randomly (stuck).
  3459 | D:5      | 3459 ||| Stepping randomly (stuck).
  3460 | D:5      | 3460 ||| Stepping randomly (stuck).
  3461 | D:5      | 3461 ||| Stepping randomly (stuck).
  3462 | D:5      | 3462 ||| Stepping randomly (stuck).
  3463 | D:5      | 3463 ||| Stepping randomly (stuck).
  3464 | D:5      | 3464 ||| Stepping randomly (stuck).
  3465 | D:5      | 3465 ||| Stepping randomly (stuck).
  3466 | D:5      | 3466 ||| Stepping randomly (stuck).
  3467 | D:5      | 3467 ||| Stepping randomly (stuck).
  3468 | D:5      | 3468 ||| Stepping randomly (stuck).
  3469 | D:5      | 3469 ||| Stepping randomly (stuck).
  3470 | D:5      | 3470 ||| Stepping randomly (stuck).
  3471 | D:5      | 3471 ||| Stepping randomly (stuck).
  3472 | D:5      | 3472 ||| Stepping randomly (stuck).
  3473 | D:5      | 3473 ||| Stepping randomly (stuck).
  3474 | D:5      | 3474 ||| Stepping randomly (stuck).
  3475 | D:5      | 3475 ||| Stepping randomly (stuck).
  3476 | D:5      | 3476 ||| Stepping randomly (stuck).
  3477 | D:5      | 3477 ||| Stepping randomly (stuck).
  3478 | D:5      | 3478 ||| Stepping randomly (stuck).
  3479 | D:5      | 3479 ||| Stepping randomly (stuck).
  3480 | D:5      | 3480 ||| Stepping randomly (stuck).
  3481 | D:5      | 3481 ||| Stepping randomly (stuck).
  3482 | D:5      | 3482 ||| Stepping randomly (stuck).
  3483 | D:5      | 3483 ||| Stepping randomly (stuck).
  3484 | D:5      | 3484 ||| Stepping randomly (stuck).
  3485 | D:5      | 3485 ||| Stepping randomly (stuck).
  3486 | D:5      | 3486 ||| Stepping randomly (stuck).
  3487 | D:5      | 3487 ||| Stepping randomly (stuck).
  3488 | D:5      | 3488 ||| Stepping randomly (stuck).
  3489 | D:5      | 3489 ||| Stepping randomly (stuck).
  3490 | D:5      | 3490 ||| Stepping randomly (stuck).
  3491 | D:5      | 3491 ||| Stepping randomly (stuck).
  3492 | D:5      | 3492 ||| Stepping randomly (stuck).
  3493 | D:5      | 3493 ||| Stepping randomly (stuck).
  3494 | D:5      | 3494 ||| Stepping randomly (stuck).
  3495 | D:5      | 3495 ||| Stepping randomly (stuck).
  3496 | D:5      | 3496 ||| Stepping randomly (stuck).
  3497 | D:5      | 3497 ||| Stepping randomly (stuck).
  3498 | D:5      | 3498 ||| Stepping randomly (stuck).
  3499 | D:5      | 3499 ||| Stepping randomly (stuck).
  3500 | D:5      | 3500 ||| Stepping randomly (stuck).
  3501 | D:5      | 3501 ||| Stepping randomly (stuck).
  3502 | D:5      | 3502 ||| Stepping randomly (stuck).
  3503 | D:5      | 3503 ||| Stepping randomly (stuck).
  3504 | D:5      | 3504 ||| Stepping randomly (stuck).
  3505 | D:5      | 3505 ||| Stepping randomly (stuck).
  3506 | D:5      | 3506 ||| Stepping randomly (stuck).
  3507 | D:5      | 3507 ||| Stepping randomly (stuck).
  3508 | D:5      | 3508 ||| Stepping randomly (stuck).
  3509 | D:5      | 3509 ||| Stepping randomly (stuck).
  3510 | D:5      | 3510 ||| Stepping randomly (stuck).
  3511 | D:5      | 3511 ||| Stepping randomly (stuck).
  3512 | D:5      | 3512 ||| Stepping randomly (stuck).
  3513 | D:5      | 3513 ||| Stepping randomly (stuck).
  3514 | D:5      | 3514 ||| Stepping randomly (stuck).
  3515 | D:5      | 3515 ||| Stepping randomly (stuck).
  3516 | D:5      | 3516 ||| Stepping randomly (stuck).
  3517 | D:5      | 3517 ||| Stepping randomly (stuck).
  3518 | D:5      | 3518 ||| Stepping randomly (stuck).
  3519 | D:5      | 3519 ||| Stepping randomly (stuck).
  3520 | D:5      | 3520 ||| Stepping randomly (stuck).
  3521 | D:5      | 3521 ||| Stepping randomly (stuck).
  3522 | D:5      | 3522 ||| Stepping randomly (stuck).
  3523 | D:5      | 3523 ||| Stepping randomly (stuck).
  3524 | D:5      | 3524 ||| Stepping randomly (stuck).
  3525 | D:5      | 3525 ||| Stepping randomly (stuck).
  3526 | D:5      | 3526 ||| Stepping randomly (stuck).
  3527 | D:5      | 3527 ||| Stepping randomly (stuck).
  3528 | D:5      | 3528 ||| Stepping randomly (stuck).
  3529 | D:5      | 3529 ||| Stepping randomly (stuck).
  3530 | D:5      | 3530 ||| Stepping randomly (stuck).
  3531 | D:5      | 3531 ||| Stepping randomly (stuck).
  3532 | D:5      | 3532 ||| Stepping randomly (stuck).
  3533 | D:5      | 3533 ||| Stepping randomly (stuck).
  3534 | D:5      | 3534 ||| Stepping randomly (stuck).
  3535 | D:5      | 3535 ||| Stepping randomly (stuck).
  3536 | D:5      | 3536 ||| Stepping randomly (stuck).
  3537 | D:5      | 3537 ||| Stepping randomly (stuck).
  3538 | D:5      | 3538 ||| Stepping randomly (stuck).
  3539 | D:5      | 3539 ||| Stepping randomly (stuck).
  3540 | D:5      | 3540 ||| Stepping randomly (stuck).
  3541 | D:5      | 3541 ||| Stepping randomly (stuck).
  3542 | D:5      | 3542 ||| Stepping randomly (stuck).
  3543 | D:5      | 3543 ||| Stepping randomly (stuck).
  3544 | D:5      | 3544 ||| Stepping randomly (stuck).
  3545 | D:5      | 3545 ||| Stepping randomly (stuck).
  3546 | D:5      | 3546 ||| Stepping randomly (stuck).
  3547 | D:5      | 3547 ||| Stepping randomly (stuck).
  3548 | D:5      | 3548 ||| Stepping randomly (stuck).
  3549 | D:5      | 3549 ||| Stepping randomly (stuck).
  3550 | D:5      | 3550 ||| Stepping randomly (stuck).
  3551 | D:5      | 3551 ||| Stepping randomly (stuck).
  3552 | D:5      | 3552 ||| Stepping randomly (stuck).
  3553 | D:5      | 3553 ||| Stepping randomly (stuck).
  3554 | D:5      | 3554 ||| Stepping randomly (stuck).
  3555 | D:5      | 3555 ||| Stepping randomly (stuck).
  3556 | D:5      | 3556 ||| Stepping randomly (stuck).
  3557 | D:5      | 3557 ||| Stepping randomly (stuck).
  3558 | D:5      | 3558 ||| Stepping randomly (stuck).
  3559 | D:5      | 3559 ||| Stepping randomly (stuck).
  3560 | D:5      | 3560 ||| Stepping randomly (stuck).
  3561 | D:5      | 3561 ||| Stepping randomly (stuck).
  3562 | D:5      | 3562 ||| Stepping randomly (stuck).
  3563 | D:5      | 3563 ||| Stepping randomly (stuck).
  3564 | D:5      | 3564 ||| Stepping randomly (stuck).
  3565 | D:5      | 3565 ||| Stepping randomly (stuck).
  3566 | D:5      | 3566 ||| Stepping randomly (stuck).
  3567 | D:5      | 3567 ||| Stepping randomly (stuck).
  3568 | D:5      | 3568 ||| Stepping randomly (stuck).
  3569 | D:5      | 3569 ||| Stepping randomly (stuck).
  3570 | D:5      | 3570 ||| Stepping randomly (stuck).
  3571 | D:5      | 3571 ||| Stepping randomly (stuck).
  3572 | D:5      | 3572 ||| Stepping randomly (stuck).
  3573 | D:5      | 3573 ||| Stepping randomly (stuck).
  3574 | D:5      | 3574 ||| Stepping randomly (stuck).
  3575 | D:5      | 3575 ||| Stepping randomly (stuck).
  3576 | D:5      | 3576 ||| Stepping randomly (stuck).
  3577 | D:5      | 3577 ||| Stepping randomly (stuck).
  3578 | D:5      | 3578 ||| Stepping randomly (stuck).
  3579 | D:5      | 3579 ||| Stepping randomly (stuck).
  3580 | D:5      | 3580 ||| Stepping randomly (stuck).
  3581 | D:5      | 3581 ||| Stepping randomly (stuck).
  3582 | D:5      | 3582 ||| Stepping randomly (stuck).
  3583 | D:5      | 3583 ||| Stepping randomly (stuck).
  3584 | D:5      | 3584 ||| Stepping randomly (stuck).
  3585 | D:5      | 3585 ||| Stepping randomly (stuck).
  3586 | D:5      | 3586 ||| Stepping randomly (stuck).
  3587 | D:5      | 3587 ||| QUITTING!
  3587 | D:5      | 3587 ||| QUITTING!
  3587 | D:5      | 3587 ||| Stepping randomly (stuck).
  3588 | D:5      | Quit the game

Levels and vault maps discovered:
D:1:      onia_arrival_zoo_common, layout_basic,
          shapermc_ecumenical_altar_petra, minmay_tromino_mix6
D:2:      layout_loops_ring, basic_altar, minmay_misc_feat_columns
D:3:      layout_loops_cross, trog_hazing_becter, uniq_terence
D:4:      layout_loops_ring, led_sif_pool, old_standard_altar,
          hellmonk_ghost_happy_afterlife
D:5:      layout_loops_corners, mainiacjoe_overflow_swirl,
          gammafunk_ghost_mausoleum, nicolae_shop_distant_corner_stores,
          hangedman_abyss_or_decor_lesser_grid, dilly_guarded_unrand_morg
D:6:      layout_cave_pools, lemuel_round_altar, ashenzari_conservatory_becter,
          mainiacjoe_overflow_tiny_flanked, grunt_decor_arrowhead,
          minmay_misc_feat_rugged, feat_on_display, uniq_blork_the_orc

Skill      XL: |  1  2  3  4 |
---------------+-------------+-----
Ranged Weapons | 3 4 5 |  5.2
Fighting       | 2 |  2.9
Armour         | 1 |  1.1
Dodging        | |  2.1
Spellcasting   | |  1.0
Hexes          | |  2.0

Action                     |  1- 3 |  4- 6 || total
---------------------------+-------+-------++-------
   Fire: Sling             |   109 |    90 ||   199
    Use: Scroll            |     2 |     4 ||     6
 Armour: Robe              |     6 |       ||     6
         Ring mail         |    10 |       ||    10
         Leather armour    |       |    20 ||    20
  Dodge: Dodged            |    41 |    36 ||    77

Table legend:
 A = Non-vault XP
 B = Vault XP
 C = Vault XP percentage of total XP
 D = Non-vault monster count
 E = Vault monster count
 F = Vault count percentage of total count
                 A         B        C        D         E       F
            +---------+---------+-------+---------+---------+-------
      Total |     174 |      59 |  25.3 |      49 |      10 |  16.9
            +---------+---------+-------+---------+---------+-------
        D:1 |      37 |      17 |  31.5 |      14 |       3 |  17.6
        D:2 |      47 |       0 |   0.0 |      20 |       0 |   0.0
        D:3 |      80 |      42 |  34.4 |      13 |       7 |  35.0
        D:4 |      10 |       0 |   0.0 |       2 |       0 |   0.0
            +---------+---------+-------+---------+---------+-------
